 Dungeon Crawl Stone Soup version 0.23-a0-550-g7de1f8e (webtiles) character file.

7405 Leeroy the Magician (level 11, -10/84 HPs)
             Began as a Gnoll Skald on Dec 7, 2018.
             Was a Priest of Wu Jian.
             Killed by the air
             ... invoked by Gastronok
              (18 damage)
             ... on level 10 of the Dungeon on Dec 9, 2018.
             The game lasted 00:58:02 (10333 turns).

Leeroy the Magician (Gnoll Skald)                  Turns: 10333, Time: 00:58:03

Health: -10/84     AC: 20    Str: 16    XL:     11   Next: 14%
Magic:  22/22      EV: 14    Int: 15    God:    Wu Jian [***...]
Gold:   522        SH:  0    Dex: 16    Spells: 14/25 levels left

rFire    . . .     SeeInvis .   W - +1 quarterstaff of Cocytus {speed, rC+}
rCold    + + +     Gourm    .   (shield currently unavailable)
rNeg     + . .     Faith    .   H - +3 scale mail {rC+}
rPois    .         Spirit   .   b - +2 helmet
rElec    .         Reflect  .   T - +1 cloak
rCorr    .         Harm     .   y - +0 pair of gloves
MR       .....                  B - +0 pair of boots
Stlth    ++........             (no amulet)
HPRegen  0.24/turn              J - ring of wizardry
MPRegen  0.18/turn              Y - ring "Tiuthus" {rC+ rN+ AC+2}

@: hasted and slowed
A: distributed training, fangs 1, strong nose
a: Wall Jump, Serpent's Lash, Renounce Religion


You were on level 10 of the Dungeon.
You worshipped Wu Jian.
Wu Jian was most pleased with you.
You were hungry.

You visited 2 branches of the dungeon, and saw 11 of its levels.

You collected 522 gold pieces.

Inventory:

Hand Weapons
 i - a cursed +4 scimitar
 m - a +2 rapier of venom
 x - a +0 trident
 z - a +2 dagger of holy wrath
 A - a +0 hunting sling
 I - a +0 shortbow
 W - the +1 quarterstaff of Cocytus (weapon) {speed, rC+}
   (You found it on level 6 of the Dungeon)

   Attacks with this weapon are significantly faster.
   It protects you from cold.
 Z - a +0 great sword
Missiles
 l - 44 poisoned needles
 n - 12 sling bullets
 r - a throwing net
 s - 12 curare-tipped needles
 t - 355 stones
 w - 108 bolts
 M - 11 tomahawks (quivered)
 P - 151 arrows
 S - 7 needles of sleeping
Armour
 b - a +2 helmet (worn)
 g - a +2 ring mail of fire resistance
 y - a +0 pair of gloves (worn)
 B - a +0 pair of boots (worn)
 H - a +3 scale mail of cold resistance (worn)
 T - a +1 cloak (worn)
Magical Staves
 u - an uncursed staff of conjuration
Jewellery
 C - an uncursed amulet of guardian spirit
 E - an uncursed amulet of faith
 J - a ring of wizardry (left hand)
 X - an uncursed ring of poison resistance
 Y - the ring "Tiuthus" (right hand) {rC+ rN+ AC+2}
   (You found it on level 6 of the Dungeon)

   [ring of protection]

   It affects your AC (+2).
   It protects you from cold.
   It protects you from negative energy.
Wands
 D - a wand of digging (4)
 F - a wand of paralysis (10)
 N - a wand of acid (7)
 U - a wand of polymorph (18)
 V - a wand of random effects (23)
Scrolls
 a - a scroll of amnesia {unknown}
 c - 4 scrolls of teleportation
 f - a scroll of immolation {unknown}
 k - 4 scrolls of remove curse
 o - a scroll of magic mapping
 p - 2 scrolls of fog
 K - a scroll of fear
 L - a scroll of acquirement {unknown}
 O - 3 scrolls of enchant weapon
Potions
 e - a potion of agility
 h - 2 potions of mutation {unknown}
 j - 3 potions of curing
 q - 4 potions of might
 v - a potion of magic
 G - 2 potions of brilliance
 Q - 2 potions of haste
 R - 2 potions of flight
Comestibles
 d - 18 rations


   Skills:
 + Level 7.5 Fighting
 + Level 5.9 Short Blades
 + Level 7.5 Long Blades
 + Level 5.9 Axes
 + Level 5.9 Maces & Flails
 + Level 5.9 Polearms
 + Level 5.9 Staves
 + Level 5.9 Slings
 + Level 5.9 Bows
 + Level 5.9 Crossbows
 + Level 5.9 Throwing
 + Level 6.5 Armour
 + Level 7.5 Dodging
 + Level 5.9 Stealth
 + Level 5.9 Shields
 + Level 5.9 Unarmed Combat
 + Level 7.8 Spellcasting
 + Level 4.9 Conjurations
 + Level 4.9 Hexes
 + Level 7.4 Charms
 + Level 4.9 Summonings
 + Level 4.9 Necromancy
 + Level 4.9 Translocations
 + Level 4.9 Transmutations
 + Level 4.9 Fire Magic
 + Level 4.9 Ice Magic
 + Level 4.9 Air Magic
 + Level 4.9 Earth Magic
 + Level 4.9 Poison Magic
 + Level 6.5 Invocations
 + Level 5.9 Evocations


You had 14 spell levels left.
You knew the following spells:

 Your Spells              Type           Power        Failure   Level  Hunger
a - Infusion              Chrm           ####         1%          1    None
b - Song of Slaying       Chrm           ####....     1%          2    None
c - Shroud of Golubria    Chrm/Tloc      ###.......   1%          2    None
d - Regeneration          Chrm/Necr      ###.......   4%          3    ##.....
e - Spectral Weapon       Hex/Chrm       ###.....     4%          3    ##.....

Your spell library contained the following spells:

 Spells                   Type           Power        Failure   Level  Hunger


Dungeon Overview and Level Annotations

Branches:
Dungeon (10/15)            Temple (1/1) D:6             Orc (0/2) D:9
   Lair: D:8-11

Altars:
Ashenzari
Cheibriados
Dithmenos
Elyvilon
Fedhas
Gozag
Hepliaklqana
Kikubaaqudgha
Makhleb
Nemelex Xobeh
Okawaru
Qazlal
Ru
Sif Muna
Trog
Uskayaw
Vehumet
Wu Jian
Xom
Yredelemnul
Zin
The Shining One

Annotations:
D:9 exclusion: oklob plant
D:10 Gastronok


Innate Abilities, Weirdness & Mutations

Your experience applies equally to all skills.
You have very sharp teeth.
Your uncanny sense of smell can sniff out nearby items.


Message History

Gastronok is moderately wounded.
You hit Gastronok.
Gastronok is moderately wounded.
Gastronok waves his eye-stalks in wide circles.
The air twists around and strikes you!
It was a potion of haste.
You feel yourself speed up. Gastronok bites you!!
* * * LOW HITPOINT WARNING * * *
You are under both slowing and hasting effects.
Your movement speed is average.
Your attack speed is quite fast.
Gastronok bites your spectral weapon!!
Your spectral weapon shares its damage with you!
Your spectral weapon fades away.
* * * LOW HITPOINT WARNING * * *
Okay, then.
You feel better.
Gastronok is no longer moving quickly.
Gastronok gurgles, "I bet you'll be tasty."
Gastronok waves his eye-stalks in wide circles.
The air twists around and strikes you!
You die...

.## #.# ####.#.###.## #.#. ..#
#.# ##....#.##..# #.#. #.# #.#
#....w#.##.## #.#. #.# #.#
#.....#.##.# #... #.# #.#
#.....#.##.########... #[# #.#
##....#.#.#.#......... #.#####.#
##...#..###..#####..# ..[.....#
#...###.#.### #..# #.#######
#..@# ##.## #..# #.#
#...####.##### #..#
#.############)...........####..#
#.##.....)[...)...............).#
#.......)#####)#.#####.##.####.##
####.###.# #.#.### #.##.# #.# #.#
#.#####.....# #.##.# #.# #.#
#.).....###.###.##.####.# #.#
#######.# #.....##......#


You could see Gastronok.

Vanquished Creatures
  A two-headed ogre (D:8)
  2 centaur skeletons
  2 hippogriffs
  Sigmund (D:2)
  A wyvern (D:10)
  9 yaks (D:10)
  A warg (D:9)
  2 water moccasins
  An eye of draining (D:8)
  3 sky beasts
  2 necrophages
  3 phantoms
  3 black bears
  An orc warrior (D:9)
  2 ogres
  2 centaurs
  8 bullfrogs
  3 scorpions
  5 wights
  8 howler monkeys
  4 crimson imps
  A quasit (D:9)
  A gnoll shaman (D:9)
  3 orc priests
  2 hounds
  11 jellies
  5 orc wizards
  Jessica (D:3)
  2 iguanas
  Ijyb (D:3)
  4 worker ants
  Terence (D:3)
  A killer bee zombie (D:9)
  A hound skeleton (D:6)
  4 worker ant zombies
  Robin (D:2)
  A howler monkey zombie (D:9)
  11 adders
  14 gnolls
  3 shadow imps
  10 oozes
  An adder skeleton (D:4)
  A worm (D:3)
  4 dart slugs
  5 leopard geckos
  29 orcs
  6 giant cockroaches
  14 goblins
  7 hobgoblins
  11 jackals
  5 kobolds
  4 quokkas
  3 ball pythons
  2 bats
  6 frilled lizards
  A leopard gecko skeleton (D:5)
  A leopard gecko zombie (D:8)
  2 rats (D:2)
  A plant (D:3)
245 creatures vanquished.

Vanquished Creatures (others)
  5 fungi (D:9)
  4 spectral weapons
9 creatures vanquished.

Grand Total: 254 creatures vanquished

Notes
Turn   | Place    | Note
-------+----------+-------------------------------------------
     0 | D:1      | Leeroy the Gnoll Skald began the quest for the Orb.
     0 | D:1      | Reached XP level 1. HP: 20/20 MP: 6/6
   289 | D:1      | Reached XP level 2. HP: 23/26 MP: 2/7
   309 | D:1      | Learned a level 2 spell: Song of Slaying
   312 | D:1      | Learned a level 2 spell: Shroud of Golubria
   714 | D:2      | Noticed Robin
   726 | D:2      | Reached XP level 3. HP: 20/31 MP: 7/9
   731 | D:2      | Reached skill level 5 in Spellcasting
   738 | D:2      | Killed Robin
   738 | D:2      | Reached skill level 1 in Invocations
   782 | D:2      | Learned a level 3 spell: Regeneration
   861 | D:2      | Learned a level 3 spell: Spectral Weapon
   910 | D:2      | Reached skill level 1 in Short Blades
   910 | D:2      | Reached skill level 1 in Axes
   910 | D:2      | Reached skill level 1 in Maces & Flails
   910 | D:2      | Reached skill level 1 in Polearms
   910 | D:2      | Reached skill level 1 in Staves
   910 | D:2      | Reached skill level 1 in Slings
   910 | D:2      | Reached skill level 1 in Bows
   910 | D:2      | Reached skill level 1 in Crossbows
   910 | D:2      | Reached skill level 1 in Throwing
   910 | D:2      | Reached skill level 1 in Stealth
   910 | D:2      | Reached skill level 1 in Shields
   910 | D:2      | Reached skill level 1 in Unarmed Combat
   910 | D:2      | Reached skill level 1 in Evocations
  1015 | D:2      | Reached XP level 4. HP: 28/38 MP: 11/11
  1037 | D:2      | Upgraded the game from 0.23-a0-539-g3f6f39f to
                  | 0.23-a0-550-g7de1f8e
  1198 | D:2      | Reached skill level 1 in Conjurations
  1198 | D:2      | Reached skill level 1 in Hexes
  1198 | D:2      | Reached skill level 1 in Summonings
  1198 | D:2      | Reached skill level 1 in Necromancy
  1198 | D:2      | Reached skill level 1 in Translocations
  1198 | D:2      | Reached skill level 1 in Transmutations
  1198 | D:2      | Reached skill level 1 in Fire Magic
  1198 | D:2      | Reached skill level 1 in Ice Magic
  1198 | D:2      | Reached skill level 1 in Air Magic
  1198 | D:2      | Reached skill level 1 in Earth Magic
  1198 | D:2      | Reached skill level 1 in Poison Magic
  1557 | D:2      | Noticed Sigmund
  1936 | D:2      | Killed Sigmund
  1936 | D:2      | Reached XP level 5. HP: 32/43 MP: 12/12
  1936 | D:2      | Reached XP level 6. HP: 38/50 MP: 13/13
  2215 | D:3      | Noticed Ijyb
  2239 | D:3      | Killed Ijyb
  2239 | D:3      | Reached skill level 5 in Fighting
  2239 | D:3      | Reached skill level 5 in Long Blades
  2239 | D:3      | Reached skill level 5 in Dodging
  2312 | D:3      | Noticed Jessica
  2318 | D:3      | Killed Jessica
  2459 | D:3      | Noticed Terence
  2495 | D:3      | Killed Terence
  2891 | D:4      | Reached XP level 7. HP: 48/56 MP: 11/15
  3369 | D:5      | Entered Level 5 of the Dungeon
  4120 | D:6      | Reached XP level 8. HP: 43/63 MP: 16/16
  4179 | D:6      | Got a scorched quarterstaff
  4180 | D:6      | Identified the cursed +1 quarterstaff of Cocytus {speed,
                  | rC+} (You found it on level 6 of the Dungeon)
  4233 | D:6      | Got a heavily runed lapis lazuli ring
  4234 | D:6      | Identified the ring "Tiuthus" {rC+ rN+ AC+2} (You found it
                  | on level 6 of the Dungeon)
  4985 | D:6      | Found a staircase to the Ecumenical Temple.
  5033 | Temple   | Entered the Ecumenical Temple
  5176 | Temple   | Became a worshipper of the Wu Jian Council
  5231 | D:6      | Reached XP level 9. HP: 61/68 MP: 18/18
  6271 | D:7      | Reached skill level 5 in Armour
  6892 | D:8      | Noticed a two-headed ogre
  6996 | D:8      | Reached * piety under Wu Jian
  6996 | D:8      | Reached skill level 5 in Invocations
  7163 | D:8      | Found a deep blue altar of Sif Muna.
  7350 | D:8      | Killed a two-headed ogre
  7350 | D:8      | Reached XP level 10. HP: 46/77 MP: 9/20
  7419 | D:8      | Reached skill level 5 in Short Blades
  7419 | D:8      | Reached skill level 5 in Axes
  7419 | D:8      | Reached skill level 5 in Maces & Flails
  7419 | D:8      | Reached skill level 5 in Polearms
  7419 | D:8      | Reached skill level 5 in Staves
  7419 | D:8      | Reached skill level 5 in Slings
  7419 | D:8      | Reached skill level 5 in Bows
  7419 | D:8      | Reached skill level 5 in Crossbows
  7419 | D:8      | Reached skill level 5 in Throwing
  7419 | D:8      | Reached skill level 5 in Stealth
  7419 | D:8      | Reached skill level 5 in Shields
  7419 | D:8      | Reached skill level 5 in Unarmed Combat
  7419 | D:8      | Reached skill level 5 in Evocations
  8184 | D:9      | Found a staircase to the Orcish Mines.
  8504 | D:9      | Reached ** piety under Wu Jian
  8713 | D:9      | Noticed an oklob plant
  9141 | D:10     | Entered Level 10 of the Dungeon
  9513 | D:10     | Reached *** piety under Wu Jian
  9608 | D:10     | Reached XP level 11. HP: 80/84 MP: 22/22
 10269 | D:10     | Noticed Gastronok
 10324 | D:10     | HP: 1/84 [Gastronok (7)]
 10333 | D:10     | Killed from afar by Gastronok

Vault maps used:
D:1:      saegor_arrival_miasma, minmay_strange_pillars, st_stairs_6,
          feat_on_display
D:2:      uniq_sigmund, uniq_robin
D:3:      serial_forest, infiniplex_forest_lined_corner,
          infiniplex_forest_lined_corner, infiniplex_forest_zigzag_2,
          infiniplex_forest_end_2, infiniplex_forest_clump_small,
          infiniplex_forest_end_2, infiniplex_forest_end_2,
          infiniplex_forest_straight_2, uniq_terence, uniq_jessica, uniq_ijyb
D:4:      first_ration
D:5:      due_unseen_surprise
D:6:      minmay_temple_entry_purple_smoke, st_stairs_10,
          minmay_misc_feat_pillars, chequers_serial_rivers_large_b,
          hangedman_abyss_or_decor_stagger
D:8:      nicolae_overflow_crystal_walls
D:9:      lemuel_slime, david_orc_3
D:10:     uniq_gastronok
Temple:   compressed_dpeg_triangle_lava_temple

Skill      XL: |  1  2  3  4  5  6  7  8  9 10 |
---------------+-------------------------------+-----
Spellcasting   | 5 6 7 |  7.8
Invocations    | 1 2 3 4 5 6 |  6.5
Short Blades   | 1 2 3 4 5 |  5.9
Axes           | 1 2 3 4 5 |  5.9
Maces & Flails | 1 2 3 4 5 |  5.9
Polearms       | 1 2 3 4 5 |  5.9
Staves         | 1 2 3 4 5 |  5.9
Slings         | 1 2 3 4 5 |  5.9
Bows           | 1 2 3 4 5 |  5.9
Crossbows      | 1 2 3 4 5 |  5.9
Throwing       | 1 2 3 4 5 |  5.9
Stealth        | 1 2 3 4 5 |  5.9
Shields        | 1 2 3 4 5 |  5.9
Unarmed Combat | 1 2 3 4 5 |  5.9
Evocations     | 1 2 3 4 5 |  5.9
Conjurations   | 1 2 3 4 |  4.9
Hexes          | 1 2 3 4 |  4.9
Summonings     | 1 2 3 4 |  4.9
Necromancy     | 1 2 3 4 |  4.9
Translocations | 1 2 3 4 |  4.9
Transmutations | 1 2 3 4 |  4.9
Fire Magic     | 1 2 3 4 |  4.9
Ice Magic      | 1 2 3 4 |  4.9
Air Magic      | 1 2 3 4 |  4.9
Earth Magic    | 1 2 3 4 |  4.9
Poison Magic   | 1 2 3 4 |  4.9
Armour         | 3 4 5 6 |  6.5
Fighting       | 5 6 7 |  7.5
Long Blades    | 5 6 7 |  7.5
Dodging        | 5 6 7 |  7.5
Charms         | 6 7 |  7.4

Action                   |  1- 3 |  4- 6 |  7- 9 | 10-12 || total
-------------------------+-------+-------+-------+-------++-------
Melee: Falchion          |    59 |    87 |    17 |       ||   163
       Bite              |     8 |    23 |    56 |    77 ||   164
       Punch             |       |     3 |     6 |       ||     9
       Trident           |       |    76 |    93 |       ||   169
       Dagger            |       |    24 |   106 |       ||   130
       Unarmed           |       |       |     3 |       ||     3
       Rapier            |       |       |     1 |       ||     1
       Quarterstaff      |       |       |   285 |   575 ||   860
       Hunting sling     |       |       |       |     1 ||     1
 Fire: Hunting sling     |       |       |       |    22 ||    22
Throw: Stone             |       |     6 |     3 |       ||     9
       Tomahawk          |       |       |     6 |     4 ||    10
 Cast: Infusion          |     2 |     1 |       |     1 ||     4
       Shroud of Golubri |     1 |     1 |     2 |     1 ||     5
       Regeneration      |     1 |     2 |     2 |     6 ||    11
       Song of Slaying   |     1 |       |       |       ||     1
       Spectral Weapon   |       |     5 |    11 |     4 ||    20
Invok: Lunge             |       |       |     8 |    25 ||    33
       Whirlwind         |       |       |     3 |   150 ||   153
  Use: Potion            |     2 |     2 |     2 |     5 ||    11
       Scroll            |       |     1 |    15 |     5 ||    21
 Stab: Distracted        |       |       |     1 |       ||     1
       Invisible         |       |       |       |     1 ||     1
       Sleeping          |       |       |       |     1 ||     1
  Eat: Chunk             |     1 |     6 |     8 |     5 ||    20
       Ration            |       |       |     2 |     2 ||     4
Armor: Leather armour    |    17 |       |       |       ||    17
       Ring mail         |     2 |    47 |    60 |       ||   109
       Scale mail        |       |       |   150 |   159 ||   309
       Skin              |       |       |       |     3 ||     3
Dodge: Dodged            |    48 |   111 |   289 |   263 ||   711
       Rpst.: Falchion   |    18 |    20 |     1 |       ||    39

Table legend:
 A = Non-vault XP
 B = Vault XP
 C = Vault XP percentage of total XP
 D = Non-vault monster count
 E = Vault monster count
 F = Vault count percentage of total count
                 A         B        C        D         E       F
            +---------+---------+-------+---------+---------+-------
      Total |    9440 |    1139 |  10.8 |     202 |      42 |  17.2
            +---------+---------+-------+---------+---------+-------
        D:1 |      20 |       5 |  20.0 |      11 |       2 |  15.4
        D:2 |      87 |     256 |  74.6 |      22 |      12 |  35.3
        D:3 |     102 |     105 |  50.7 |      17 |       3 |  15.0
        D:4 |     279 |       0 |   0.0 |      14 |       0 |   0.0
        D:5 |     443 |       0 |   0.0 |      14 |       0 |   0.0
        D:6 |    1570 |      38 |   2.4 |      32 |       2 |   5.9
        D:7 |     636 |       0 |   0.0 |       5 |       0 |   0.0
        D:8 |    2035 |       7 |   0.3 |      14 |       1 |   6.7
        D:9 |    1069 |     728 |  40.5 |      34 |      22 |  39.3
       D:10 |    3199 |       0 |   0.0 |      39 |       0 |   0.0
            +---------+---------+-------+---------+---------+-------
